 Dungeon Crawl Stone Soup version 0.21-a0-536-gdbbf329 (webtiles) character file.

130 Gerstahl the Stinger (level 5, 42/42 HPs)
             Began as a Naga Venom Mage on Dec 14, 2017.
             Was an Initiate of Ashenzari.
             Quit the game on level 3 of the Dungeon.
             The game lasted 00:05:32 (1700 turns).

Gerstahl the Stinger (Naga Venom Mage)              Turns: 1700, Time: 00:05:32

Health: 42/42      AC:  3    Str: 10    XL:     5   Next: 13%
Magic:  18/19      EV: 10    Int: 16    God:    Ashenzari [......]
Gold:   52         SH:  0    Dex: 15    Spells: 10/11 levels left

rFire    . . .     SeeInvis +   (no weapon)
rCold    + . .     Gourm    .   (no shield)
rNeg     . . .     Faith    .   a - +0 robe
rPois    +         Spirit   .   (no helmet)
rElec    .         Reflect  .   (no cloak)
rCorr    .         Harm     .   i - +0 pair of gloves {Dex+3}
MR       .....                  (no barding)
Stlth    ++........             (no amulet)
HPRegen  0.14/turn              h - ring of magical power
MPRegen  0.16/turn              m - ring of protection from cold

@: very slow
A: large, see invisible, deformed body, poison resistance, slowness 2, slow
metabolism 1, spit poison 1, AC +1
a: Spit Poison, Curse Item, Renounce Religion


You were on level 3 of the Dungeon.
You worshipped Ashenzari.
Ashenzari was noncommittal.
You were hungry.

You visited 1 branch of the dungeon, and saw 3 of its levels.

You collected 52 gold pieces.

Inventory:

Armour
 a - a +0 robe (worn)
 i - a +0 pair of gloves of dexterity (worn)
Jewellery
 h - a ring of magical power (left hand)
 m - a ring of protection from cold (right hand)
Scrolls
 d - 3 scrolls of identify {unknown}
 g - a scroll of teleportation {unknown}
 l - a scroll of blinking {unknown}
Potions
 e - a potion of magic {unknown}
 j - 3 potions of curing {unknown}
 k - a potion of cancellation {unknown}
 o - a potion of flight {unknown}
 p - 2 potions of invisibility {unknown}
Books
 b - a Young Poisoner's Handbook

   Spells                             Type                      Level
   a - Sting                          Conjuration/Poison           1
   b - Poisonous Vapours              Poison/Air                   2
   c - Mephitic Cloud                 Conjuration/Poison/Air       3
   d - Olgreb's Toxic Radiance        Poison                       4
   e - Venom Bolt                     Conjuration/Poison           5
Comestibles
 c - 2 bread rations
 f - 5 royal jellies
 n - a meat ration


   Skills:
 - Level 1.5 Dodging
 - Level 3.0 Stealth
 + Level 3.6 Spellcasting
 - Level 1.0 Conjurations
 + Level 6.0 Poison Magic


You had 10 spell levels left.
You knew the following spells:

 Your Spells              Type           Power        Failure   Level  Hunger
a - Sting                 Conj/Pois      ##..         4%          1    None


Dungeon Overview and Level Annotations

Branches:
Dungeon (3/15)

Altars:
Ashenzari


Innate Abilities, Weirdness & Mutations

You cannot wear boots.
Your serpentine skin is tough. (AC +1)
You have supernaturally acute eyesight. (SInv)
Armour fits poorly on your strangely shaped body.
Your system is resistant to poisons. (rPois)
You cover ground very slowly.
You have a slow metabolism.
You can spit poison.


Message History

You feel slightly more hungry.
Casting: Sting
Confirm with . or Enter, or press ? or * to list all spells.
You can't see any susceptible monsters within range! (Use Z to cast anyway.) No target in view!
No target in view!
No target in view!
You have got your breath back.
A bat comes into view.
Welcome back, Gerstahl the Naga Venom Mage.
Ashenzari says: Partake of my vision.
Partake of my curse.
Press ? for a list of commands and other information.
Casting: Sting
Confirm with . or Enter, or press ? or * to list all spells.
Aiming: Sting
Press: ? - help, Shift-Dir - straight line, f - bat
Aim: a bat The sting hits the bat.
The bat is poisoned.
You kill the bat!
Are you sure you want to abandon this character and quit the game? (Confirm with "yes".)

#.###
##.......##
#.........#
## ##.....##
#......##.#
##...##
#......##.#
#+##
#......##.#
#......##.#
#...(.....#
#####.#####
#.#########.#
#...@.......#
#..##.#######
#. #.# .. #.#
#. #.# # #.#
#.# ..# ###


There were no monsters in sight!

Vanquished Creatures
  A bullfrog (D:2)
  3 adders (D:2)
  2 worms (D:2)
  A dart slug (D:1)
  A ball python (D:2)
  3 giant cockroaches (D:2)
  5 goblins
  3 hobgoblins
  2 jackals (D:2)
  3 kobolds
  7 bats
  3 frilled lizards
  2 rats (D:1)
36 creatures vanquished.

Notes
Turn   | Place    | Note
-------+----------+-------------------------------------------
     0 | D:1      | Gerstahl the Naga Venom Mage began the quest for the Orb.
     0 | D:1      | Reached XP level 1. HP: 15/15 MP: 3/3
   123 | D:1      | Found a shattered altar of Ashenzari.
   265 | D:1      | Became a worshipper of Ashenzari the Shackled
   340 | D:1      | Reached XP level 2. HP: 18/22 MP: 0/5
   873 | D:2      | Reached XP level 3. HP: 14/28 MP: 6/6
  1067 | D:2      | Reached skill level 5 in Poison Magic
  1242 | D:2      | Noticed a bullfrog
  1248 | D:2      | Killed a bullfrog
  1248 | D:2      | Reached XP level 4. HP: 20/36 MP: 9/9
  1409 | D:2      | Reached XP level 5. HP: 42/42 MP: 10/10
  1629 | D:3      | Reached skill level 6 in Poison Magic
  1700 | D:3      | Quit the game

Vault maps used:
D:1:      roderic_crossed_star, ashenzari_altar_1
D:2:      serial_park_tiny_pond
D:3:      chequers_ecumenical_altar_island, serial_bayou_pond_d,
          nicolae_ru_awakened_eye

Skill      XL: |  1  2  3  4  5 |
---------------+----------------+-----
Poison Magic   | 5 6 |  6.0
Spellcasting   | 3 |  3.6
Dodging        | |  1.5
Stealth        | |  3.0
Conjurations   | |  1.0

Action                   |  1- 3 |  4- 6 || total
-------------------------+-------+-------++-------
Melee: Unarmed           |    12 |     1 ||    13
 Cast: Sting             |    51 |    15 ||    66
 Abil: Spit Poison       |    14 |     5 ||    19
 Stab: Sleeping          |       |     1 ||     1
  Eat: Chunk             |     1 |     1 ||     2
Armor: Robe              |    14 |       ||    14
Dodge: Dodged            |    27 |     2 ||    29

Table legend:
 A = Spawn XP
 B = Non-spawn XP
 C = Spawn XP percentage of total XP
 D = Spawn monster count
 E = Non-spawn monster count
 F = Spawn count percentage of total count
 G = Total turns spent on level
                    A         B        C        D         E        F      G
               +---------+---------+-------+---------+---------+-------+---------
         Total |       0 |     186 |   0.0 |       0 |      36 |   0.0 |  1700
               +---------+---------+-------+---------+---------+-------+---------
           D:1 |       0 |      21 |   0.0 |       0 |      13 |   0.0 |   861
           D:2 |       0 |     158 |   0.0 |       0 |      19 |   0.0 |   761
           D:3 |       0 |       7 |   0.0 |       0 |       4 |   0.0 |    78
               +---------+---------+-------+---------+---------+-------+---------
